 Dungeon Crawl Stone Soup version 0.31-a0-700-gf13585253f (webtiles) character file.

Game seed: 525660278942834737

45 qw the Shooter (level 3, -2/22 HPs)
             Began as a Gargoyle Hunter on Sept 7, 2023.
             Frozen to death by an endoplasm (5 damage)
             ... on level 2 of the Dungeon.
             The game lasted 00:00:26 (753 turns).

qw the Shooter (Gargoyle Hunter)                     Turns: 753, Time: 00:00:26

Health: -2/22      AC:  7    Str: 14    XL:     3   Next: 64%
Magic:  3/3        EV: 11    Int:  9    God:
Gold:   55         SH:  0    Dex: 15    Spells: 2/2 levels left

rFire   . . .        Y - +0 shortbow
rCold   . . .        (shield currently unavailable)
rNeg    + . .        c - +0 leather armour
rPois   inf          h - +0 helmet
rElec   +            (no cloak)
rCorr   .            (no gloves)
SInv    .            (no boots)
Will    .....        k - amulet of regeneration
Stlth   ++           (no ring)
HPRegen 1.03/turn    (no ring)
MPRegen 0.08/turn

%: no passive effects
@: no status effects
A: sickness immunity, AC +3, negative energy resistance 1, electricity
resistance, torment resistance 1, petrification resistance
a: no special abilities


You were on level 2 of the Dungeon.
You visited 1 branch of the dungeon, and saw 2 of its levels.

You collected 55 gold pieces.


Innate Abilities, Weirdness & Mutations

You are immune to sickness and miasma.
Your stone body is resilient. (AC +3)
You are immune to poison.
You resist negative energy. (rN+)
You are resistant to electric shocks. (rElec)
You are resistant to unholy torment.
You are immune to petrification.


   Skills:
 + Level 2.8 Fighting
 - Level 5.0 Ranged Weapons
 - Level 1.5 Dodging
 - Level 1.1 Stealth


You had 2 spell levels left.
You didn't know any spells.
Your spell library was empty.

Inventory:

Hand Weapons
 Y - a +0 shortbow (weapon)
Armour
 b - a +0 cloak
 c - a +0 leather armour (worn)
 h - a +0 helmet (worn)
Jewellery
 k - an amulet of regeneration (around neck)
Scrolls
 e - a scroll of noise {unknown}
Potions
 a - 2 potions of curing {unknown}
 d - a potion of enlightenment {unknown}
 f - a potion of resistance
 g - a potion of might {unknown}
 j - a potion of mutation {unknown}

Dungeon Overview and Level Annotations

Branches:
Dungeon (2/15)

Altars:

Shops:
D:2 =


Message History

You shoot an arrow.
The arrow barely misses the ball python.
The ball python bites you but does no damage.
The ball python constricts you. The adder bites you but does no damage.
The endoplasm freezes you.
You are frozen.
The ball python bites you but does no damage.
The ball python constricts you.
You shoot an arrow. The arrow hits the ball python.
The ball python is moderately wounded.
The adder bites you but does no damage. The ball python barely misses you.
The ball python constricts you.
The endoplasm hits you but does no damage.
The adder bites you but does no damage. The endoplasm freezes you.
You are frozen.
The ball python closely misses you. The ball python constricts you.
You shoot an arrow. The arrow hits the ball python.
The ball python is severely wounded.
The adder bites you.
The ball python bites you but does no damage.
The ball python constricts you. The endoplasm freezes you.
You are frozen.
The adder bites you but does no damage.
You shoot an arrow. The arrow hits the ball python!
You kill the ball python!
The adder completely misses you.
The endoplasm hits you but does no damage.
You shoot an arrow. The arrow closely misses the adder.
The adder barely misses you. The endoplasm freezes you.
You are frozen.
The adder bites you but does no damage.
You shoot an arrow. The arrow barely misses the adder.
The endoplasm freezes you.
You are frozen.
The adder barely misses you.
You shoot an arrow. The arrow barely misses the adder.
The adder barely misses you. The endoplasm freezes you.
You are frozen.
You die...

......# ......#
........# ##...##
#....... #...# #......
#...# ###..... ##...#
#...... .<...# #.....#
##...# #..JS.# .#...#.#
#@####### .......#
#.......#
.#####################.#
.# #.............#)# )#
#..........##.#.# .#
####..........##.#.# .#
#.............##.#.# .#
#.##.............#.# .#
#.##...........#...#


You could see an adder and an endoplasm.

Vanquished Creatures
  An adder (D:2)
  A worm (D:2)
  3 ball pythons
  2 bats
  An endoplasm (D:1)
  A giant cockroach (D:1)
  6 goblins
  2 hobgoblins (D:1)
  3 jackals (D:1)
  5 kobolds
  A quokka (D:2)
  A frilled lizard (D:1)
  3 rats
30 creatures vanquished.

Notes
Turn   | Place    | Note
-------+----------+-------------------------------------------
     0 | D:1      | qw the Gargoyle Hunter began the quest for the Orb.
     0 | D:1      | Reached XP level 1. HP: 12/12 MP: 1/1
     0 | D:1      | 0 ||| qw: Version: 0.3-a-76-g4403597
     0 | D:1      | 0 ||| qw: Game counter: 558
     0 | D:1      | 0 ||| qw: Melee chars always use a shield: true
     0 | D:1      | 0 ||| qw: God list: Okawaru
     0 | D:1      | 0 ||| qw: Allow faded altars: false
     0 | D:1      | 0 ||| qw: Do Orc after clearing Dungeon:15 true
     0 | D:1      | 0 ||| qw: Do second Lair branch before Depths: true
     0 | D:1      | 0 ||| qw: Lair rune preference: random
     0 | D:1      | 0 ||| qw: Goals: Normal
     0 | D:1      | 0 ||| PLANNING D:1-11
   107 | D:1      | Reached XP level 2. HP: 17/17 MP: 2/2
   402 | D:1      | Reached XP level 3. HP: 19/21 MP: 3/3
   457 | D:1      | 457 ||| UPGRADING to +0 helmet.
   462 | D:1      | 462 ||| UPGRADING to amulet of regeneration.
   467 | D:1      | 467 ||| READING scroll labelled LOZXI OPRONEUZ.
   468 | D:1      | 468 ||| READING scroll labelled JABRIADEOX.
   469 | D:1      | 469 ||| READING scroll labelled IMAMEU WARU.
   472 | D:1      | 472 ||| DRINKING 2 fizzy emerald potions.
   473 | D:1      | 473 ||| DROPPING scroll of butterflies.
   540 | D:2      | Reached skill level 5 in Ranged Weapons
   540 | D:2      | Found Uvisats's Jewellery Shoppe.
   569 | D:2      | 569 ||| SHOPLISTING +6 ring of dexterity (504 gold, have
                  | 55).
   569 | D:2      | 569 ||| SHOPLISTING +6 ring of strength (504 gold, have
                  | 55).
   569 | D:2      | 569 ||| SHOPLISTING ring "Gathri Mipe" {rF+ rC+ Int+4} (663
                  | gold, have 55).
   569 | D:2      | 569 ||| SHOPLISTING ring of protection from cold (350 gold,
                  | have 55).
   569 | D:2      | 569 ||| SHOPLISTING ring of willpower (350 gold, have 55).
   751 | D:2      | HP: 5/22 [frozen (4)]
   752 | D:2      | HP: 1/22 [frozen (5)]
   753 | D:2      | Frozen to death by an endoplasm

Levels and vault maps discovered:
D:1:      orjb1_lava_funnel, layout_rooms, st_stairs_7
D:2:      layout_basic, serial_shops,
          nicolae_shop_temple_entry_statues_fountains, kennysheep_generic_room_9

Skill      XL: |  1  2  3 |
---------------+----------+-----
Ranged Weapons | 5 |  5.0
Fighting       | |  2.8
Dodging        | |  1.5
Stealth        | |  1.1

Action                     || total
---------------------------++-------
   Fire: Shortbow          ||   102
    Use: Scroll            ||     3
         Potion            ||     1
 Armour: Leather armour    ||    46
  Dodge: Dodged            ||    24

Table legend:
 A = Non-vault XP
 B = Vault XP
 C = Vault XP percentage of total XP
 D = Non-vault monster count
 E = Vault monster count
 F = Vault count percentage of total count
                 A         B        C        D         E       F
            +---------+---------+-------+---------+---------+-------
      Total |      61 |       4 |   6.2 |      28 |       2 |   6.7
            +---------+---------+-------+---------+---------+-------
        D:1 |      30 |       4 |  11.8 |      18 |       2 |  10.0
        D:2 |      31 |       0 |   0.0 |      10 |       0 |   0.0
            +---------+---------+-------+---------+---------+-------
